 Dungeon Crawl Stone Soup version 0.28-a0-1435-g82390b3a13 (webtiles) character file.

Game seed: 9299735573508637086

93 riojii the Changer (level 4, 0/36 HPs)
             Began as a Draconian Transmuter on Jan 9, 2022.
             Succumbed to a goblin's poison
             ... on level 3 of the Dungeon.
             The game lasted 00:05:31 (2605 turns).

riojii the Changer (Draconian Transmuter)           Turns: 2605, Time: 00:05:32

Health: 0/36       AC:  5    Str: 15    XL:     4   Next: 36%
Magic:  6/7        EV: 12    Int: 13    God:
Gold:   64         SH:  0    Dex: 11    Spells: 3/7 levels left

rFire   . . .      SeeInvis .     - Unarmed
rCold   . . .      Faith    .   (no shield)
rNeg    . . .      Spirit   +   (armour unavailable)
rPois   .          Reflect  .   (helmet restricted)
rElec   .          Harm     .   (no cloak)
rCorr   .          Rampage  .   (no gloves)
Will    .....                   (no boots)
Stlth   +.........              d - amulet of guardian spirit
HPRegen 0.12/turn               (no ring)
MPRegen 0.10/turn               (no ring)

@: lethally poisoned (0 -> -2)
A: AC +5, unfitting armour, cold-blooded
a: no special abilities


You were on level 3 of the Dungeon.
You visited 1 branch of the dungeon, and saw 3 of its levels.

You collected 64 gold pieces.

Inventory:

Jewellery
 d - an amulet of guardian spirit (around neck)
Scrolls
 e - a scroll of immolation {unknown}
 g - a scroll of noise {unknown}
 h - a scroll of identify {unknown}
 i - a scroll of enchant weapon {unknown}
 j - 2 scrolls of brand weapon {unknown}
Potions
 a - a potion of ambrosia {unknown}
 b - a potion of invisibility {unknown}
 c - a potion of attraction {unknown}
 f - a potion of mutation {unknown}


   Skills:
 - Level 2.0 Fighting
 - Level 1.7 Dodging
 - Level 3.3 Unarmed Combat
 - Level 2.0 Spellcasting
 * Level 4.1 Transmutations


You had 3 spell levels left.
You knew the following spells:

 Your Spells              Type           Power      Damage    Failure   Level
a - Beastly Appendage     Tmut           22%        N/A       4%          1
b - Spider Form           Tmut/Pois      6%         N/A       32%         3

Your spell library contained the following spells:

 Spells                   Type           Power      Damage    Failure   Level
 Wereblood                Tmut           11%        N/A       7%          2
 Sublimation of Blood     Necr           1%         N/A       36%         2
 Ice Form                 Ice/Tmut       6%         N/A       73%         4
 Petrify                  Tmut/Erth      6%         N/A       73%         4
 Irradiate                Conj/Tmut      3%         3d14      97%         5


Dungeon Overview and Level Annotations

Branches:
Dungeon (3/15)

Altars:
Sif Muna

Shops:
D:2 (


Innate Abilities, Weirdness & Mutations

Your plain brown scales are hard. (AC +5)
You cannot fit into any form of body armour.
You are cold-blooded and may be slowed by cold attacks.


Message History

You kill the bat!
The goblin barely misses you.
You barely miss the goblin. The goblin closely misses you.
You barely miss the goblin. The goblin misses you.
You hit the goblin but do no damage.
The goblin is poisoned.
The goblin hits you but does no damage.
You are poisoned.
You hit the goblin but do no damage.
Your transformation is almost over.
You feel very sick. The goblin closely misses you.
You hit the goblin.
The goblin looks even sicker.
The goblin is severely wounded.
You feel very sick.
The goblin hits you with a +0 dagger of venom.
You are lethally poisoned!
You hit the goblin.
You kill the goblin!
You feel very sick.
You feel very sick.
You feel very sick.
Things that are here:
a +0 dagger of venom; the +2 ring mail of Absolutism {*Slow Dex+7}; 12 gold pieces You feel very sick.
You see here a book of Necromancy.
* * * LOW HITPOINT WARNING * * *
You feel very sick.
You see here a bat corpse.
* * * LOW HITPOINT WARNING * * *
You feel sick.
* * * LOW HITPOINT WARNING * * *
You feel sick.
* * * LOW HITPOINT WARNING * * *
You feel sick.
Your transformation has ended.
* * * LOW HITPOINT WARNING * * *
You feel sick.
* * * LOW HITPOINT WARNING * * *
You feel sick.
You die...

#.# #... #.#
#..# #.# #..#
#.# #..# #.#
#..# #.# #..#
#.# #..# #.#
#:.# #@# #†)#
#.###..#####
#.............
######...##...
###.# .# .# #


There were no monsters in sight!

Vanquished Creatures
  A hound (D:3)
  An adder (D:3)
  2 dart slugs
  An orc (D:2)
  6 endoplasms
  3 giant cockroaches
  7 goblins
  A hobgoblin (D:2)
  2 kobolds
  A quokka (D:2)
  5 ball pythons
  6 bats
  5 frilled lizards
  7 rats
48 creatures vanquished.

Notes
Turn   | Place    | Note
-------+----------+-------------------------------------------
     0 | D:1      | riojii the Draconian Transmuter began the quest for the
                  | Orb.
     0 | D:1      | Reached XP level 1. HP: 16/16 MP: 3/3
   330 | D:1      | Reached XP level 2. HP: 16/23 MP: 3/5
  1208 | D:2      | Found a shimmering blue altar of Sif Muna.
  1391 | D:2      | Reached XP level 3. HP: 27/29 MP: 4/6
  1441 | D:2      | Reached skill level 3 in Transmutations
  1732 | D:2      | Learned a level 3 spell: Spider Form
  1826 | D:2      | Found Hoiluimi's Weapon Emporium.
  1960 | D:3      | Found a faded altar of an unknown god.
  2474 | D:3      | Reached skill level 4 in Transmutations
  2474 | D:3      | Reached XP level 4. HP: 35/36 MP: 2/7
  2587 | D:3      | Identified the +2 ring mail of Absolutism {*Slow Dex+7}
  2604 | D:3      | HP: 1/36 [poisoned by a goblin]
  2605 | D:3      | Succumbed to a goblin's poison

Illustrated notes

Levels and vault maps discovered:
D:1:      dpeg_arrival_oval, layout_basic, minmay_misc_feat_tower,
          roderic_serpentine_path
D:2:      minmay_chambers_of_twos, layout_basic, serial_shops,
          nicolae_shop_waterfront, basic_altar, minmay_misc_feat_alley
D:3:      layout_loops_ring, mainiacjoe_overflow_alcove_1,
          chequers_ecumenical_altar_simple

Skill      XL: |  1  2  3 |
---------------+----------+-----
Transmutations | 4 |  4.1
Fighting       | 2 |  2.0
Dodging        | |  1.7
Unarmed Combat | |  3.3
Spellcasting   | |  2.0

Action                   |  1- 3 |  4- 6 || total
-------------------------+-------+-------++-------
Melee: Unarmed           |   114 |     7 ||   121
       Kick              |    14 |       ||    14
       Headbutt          |    10 |       ||    10
       Tailslap          |     8 |       ||     8
 Cast: Beastly Appendage |    26 |       ||    26
       Spider Form       |     2 |     1 ||     3
 Stab: Sleeping          |     1 |       ||     1
Armor: Skin              |    39 |     1 ||    40
Dodge: Dodged            |    70 |    10 ||    80

Table legend: (Time is in decaauts)
 A = Elapsed time spent in this place.
 B = Non-inter-level travel time spent in this place.
 C = Inter-level travel time spent in this place.
 D = Time resting spent in this place.
 E = Time spent auto-exploring this place.
 F = Levels seen in this place.
 G = Mean time per level.
                   A        B        C        D        E       F      G
               +--------+--------+--------+--------+--------+-----+--------+
         Total |   2604 |   2558 |     46 |    373 |   1839 |   3 |  868.0 |
       Dungeon |   2604 |   2558 |     46 |    373 |   1839 |   3 |  868.0 |
               +--------+--------+--------+--------+--------+-----+--------+

Top non-repeatable levels by time:
     D:2: 1065 daAuts
     D:1: 931 daAuts
     D:3: 608 daAuts
